 Dungeon Crawl Stone Soup version 0.29.1-1-gd02db6906a (webtiles) character file.

Game seed: 13135775626161862442

29 neoterrar the Trooper (level 3, 0/33 HPs)
             Began as a Ghoul Monk on Oct 9, 2022.
             Was a Priest of Fedhas.
             Slain by an orc
             ... wielding a +0 short sword
              (4 damage)
             ... on level 2 of the Dungeon.
             The game lasted 00:07:46 (594 turns).

neoterrar the Trooper (Ghoul Monk)                   Turns: 594, Time: 00:07:47

Health: 0/33       AC:  0    Str: 16    XL:     3   Next: 16%
Magic:  2/2        EV: 12    Int:  5    God:    Fedhas [***...]
Gold:   0          SH:  0    Dex: 11    Spells: 2/2 levels left

rFire   . . .      SeeInvis .     - Unarmed
rCold   + . .      Faith    .   (no shield)
rNeg    + + +      Spirit   .   (no body armour)
rPois   ∞          Reflect  .   (no helmet)
rElec   .          Harm     .   (no cloak)
rCorr   .          Rampage  .   (no gloves)
Will    .....                   (no boots)
Stlth   ++........              (no amulet)
HPRegen 0.00/turn               (no ring)
MPRegen 0.08/turn               (no ring)

@: inhibited regen
A: claws 1, cold resistance 1, negative energy resistance 3, inhibited
regeneration, torment resistance 2, devour on kill
a: Renounce Religion, Wall of Briars, Grow Ballistomycete


You were on level 2 of the Dungeon.
You worshipped Fedhas.
Fedhas was most pleased with you.
You visited 1 branch of the dungeon, and saw 2 of its levels.

Inventory:

Armour
 a - a +0 robe
 d - a +0 leather armour
Scrolls
 e - a scroll of enchant armour


   Skills:
 + Level 3.8 Fighting
 + Level 3.0 Dodging
 + Level 2.2 Stealth
 + Level 3.8 Unarmed Combat


You had 2 spell levels left.
You didn't know any spells.
Your spell library was empty.

Dungeon Overview and Level Annotations

Branches:
Dungeon (2/15)

Altars:
Fedhas


Innate Abilities, Weirdness & Mutations

You are immune to poison.
You have sharp fingernails.
Your flesh is cold resistant. (rC+)
You are immune to negative energy. (rN+++)
You do not regenerate when monsters are visible.
You are immune to unholy pain and torment.
You thrive by killing the living.


Message History

The dart slug is moderately wounded.
The dart slug launches a dart at you. The slug dart misses you.
You scratch the dart slug.
The dart slug is severely wounded.
The dart slug launches a dart at you. The slug dart hits you.
You scratch the dart slug.
You kill the dart slug!
Fedhas appreciates your contribution to the ecosystem.
A goblin and an orc come into view.
The goblin shouts!
You hear a shout! x2
An orc comes into view. It is wielding a +0 club.
An orc comes into view. It is wielding a +0 short sword.
The orc shouts!
The goblin unwields a +0 dagger.
The goblin wields a +0 sling.
The goblin shoots a sling bullet.
The sling bullet hits you.
The orc shouts!
The goblin shoots a sling bullet.
The sling bullet barely misses you.
You barely miss the orc. You barely miss the orc. You scratch the orc.
The orc is severely wounded.
The orc closely misses you. The orc attacks as you move away!
The orc hits you with a +0 short sword.
A rat comes into view.
You completely miss the orc.
An orc wizard comes into view. It is wielding a +0 dagger.
You barely miss the orc. The orc hits you with a +0 short sword.
The orc hits you with a +0 mace.
* * * LOW HITPOINT WARNING * * *
You closely miss the orc. The orc hits you with a +0 short sword.
* * * LOW HITPOINT WARNING * * *
The orc barely misses you.
As you read the scroll labelled MIUH KEULEOQUZY, it crumbles to dust.
It is a scroll of identify.
e - a scroll of enchant armour The orc hits you with a +0 short sword.
You die...
Fedhas appreciates your contribution to the ecosystem.

#.#...)..........#.#....##
#.PPP.....................
#.#...P..#.#..............
#.#..P...#.#..............
#.######P#.#......o..oo...
#..........#.....g........
.............#.##o########
####.........#.#oo#
.........#.#@##
###......#.#.# ...<#.#....
..#. #..... #......
+......# #......# #.......


You could see an orc wizard, 3 orcs and a goblin.

Vanquished Creatures
  2 dart slugs
  2 ball pythons (D:1)
  2 giant cockroaches (D:1)
  3 goblins (D:1)
  4 hobgoblins (D:1)
  A kobold (D:1)
  6 bats
  2 rats
22 creatures vanquished.

Notes
Turn   | Place    | Note
-------+----------+-------------------------------------------
     0 | D:1      | neoterrar the Ghoul Monk began the quest for the Orb.
     0 | D:1      | Reached XP level 1. HP: 19/19 MP: 0/0
   230 | D:1      | Found a faded altar of an unknown god.
   241 | D:1      | Reached XP level 2. HP: 26/26 MP: 1/1
   241 | D:1      | Prayed at the altar of an unknown god.
   241 | D:1      | Became a worshipper of Fedhas Madash
   241 | D:1      | Reached * piety under Fedhas
   241 | D:1      | Reached ** piety under Fedhas
   436 | D:1      | Reached *** piety under Fedhas
   448 | D:1      | HP: 1/27 [goblin/+0 dagger (2)]
   451 | D:1      | Reached XP level 3. HP: 7/33 MP: 2/2
   594 | D:2      | Slain by an orc

Illustrated notes

Levels and vault maps discovered:
D:1:      matt_arrival_spirals, layout_loops_ring,
          hellmonk_ecumenical_altar_blasted
D:2:      cheibrodos_old_hovel, layout_basic, minmay_misc_feat_five

Skill      XL: |  1  2 |
---------------+-------+-----
Dodging        | 3 |  3.0
Fighting       | |  3.8
Stealth        | |  2.2
Unarmed Combat | |  3.8

Action                   || total
-------------------------++-------
Melee: Unarmed           ||    70
  Use: Scroll            ||     1
       Potion            ||     1
 Stab: Sleeping          ||     1
Armor: Robe              ||     3
Dodge: Dodged            ||    40
